 Dungeon Crawl Stone Soup version 0.29-a0-284-gf9362112df (webtiles) character file.

Game seed: 4290442884020849045

1416 sammy202020 the Chopper (level 8, -8/69 HPs)
             Began as a Palentonga Berserker on Mar 29, 2022.
             Was a Believer of Trog.
             Mangled by an ogre
             ... wielding a +0 giant club
              (24 damage)
             ... on level 6 of the Dungeon.
             The game lasted 00:07:15 (4887 turns).

sammy202020 the Chopper (Palentonga Berserker)      Turns: 4887, Time: 00:07:16

Health: -8/69      AC: 22    Str: 20    XL:     8   Next: 43%
Magic:  8/8        EV: -1    Int: 10    God:    Trog [**....]
Gold:   110        SH: 12    Dex: 10    Spells: 7/7 levels left

rFire   + . .      SeeInvis +   e - +1 hand axe (elec)
rCold   + . .      Faith    .   k - +1 tower shield
rNeg    . . .      Spirit   .   p - +1 gold dragon scales
rPois   +          Reflect  .   o - +0 helmet
rElec   .          Harm     .   i - +0 cloak {Stlth+}
rCorr   .          Rampage  .   t - +0 pair of gloves
Will    ++...                   (no barding)
Stlth   ..........              (no amulet)
HPRegen 1.21/turn               (no ring)
MPRegen 0.11/turn               (no ring)

@: strong-willed, regenerating, curled up
A: large, rugged brown scales 3, see invisible, deformed body, roll 1, armoured
tail, reflexive curl
a: Rolling Charge, Renounce Religion, Berserk, Trog's Hand


You were on level 6 of the Dungeon.
You worshipped Trog.
Trog was pleased with you.
You visited 1 branch of the dungeon, and saw 6 of its levels.

You collected 309 gold pieces.
You spent 199 gold pieces at shops.

Inventory:

Hand Weapons
 e - a +1 hand axe of electrocution (weapon)
 j - a +0 mace of protection
Missiles
 r - a throwing net
Armour
 c - a +0 ring mail
 i - a +0 cloak of stealth (worn)
 k - a +1 tower shield (worn)
 o - a +0 helmet (worn)
 p - +1 gold dragon scales (worn)
 t - a +0 pair of gloves (worn)
Scrolls
 h - a scroll of enchant weapon
 q - a scroll of enchant armour
 s - a scroll of identify
Potions
 a - a potion of heal wounds
 b - a potion of resistance
 d - 2 potions of invisibility
 f - a potion of mutation {unknown}
 g - 2 potions of flight
 l - a potion of haste {unknown}
 m - a potion of brilliance {unknown}
 n - a potion of attraction {unknown}


   Skills:
 * Level 6.5 Fighting
 * Level 6.5 Axes
 * Level 4.1 Armour
 - Level 1.5 Dodging
 + Level 3.4 Shields


You had 7 spell levels left.
You didn't know any spells.
Your spell library was empty.

Dungeon Overview and Level Annotations

Branches:
Dungeon (6/15)
 Temple: D:4-7

Altars:
Cheibriados
Fedhas
Ru
Trog
Wu Jian
Yredelemnul

Shops:
D:5 [?[[*


Innate Abilities, Weirdness & Mutations

You are completely covered in rugged brown scales. (AC +3, +7% HP)
You have supernaturally acute eyesight. (SInv)
Armour fits poorly on your strangely shaped body.
You can roll at nearby foes to attack.
You have a long armoured tail.
You curl defensively after being hit. (AC +7*)


Message History

You block the orc's attack. The orc hits you with a +0 short sword.
The orc hits you but does no damage.
An orc comes into view. It is wielding a +0 flail.
You hit the orc.
The orc is lightly wounded.
You slash the orc!
You kill the orc!
Trog accepts your kill. The orc hits you but does no damage.
You hit the orc.
You kill the orc!
Trog accepts your kill.
You miss the kobold. The kobold completely misses you.
You block the hound's attack.
You slash the hound!
The hound is heavily wounded.
You hit the kobold.
You kill the kobold!
Trog accepts your kill.
You hit the ogre. The hound bites you but does no damage.
The orc throws a boomerang.
The boomerang hits you but does no damage.
The ogre hits you with a +0 giant club! You block the hound's attack.
You closely miss the hound.
Your tail-slap misses the hound.
The hound is heavily wounded.
You hit the ogre but do no damage. You block the hound's attack.
The ogre hits you with a +0 giant club! You block the orc's attack.
The hound bites you but does no damage.
You barely miss the hound.
Your tail-slap misses the hound.
The hound is heavily wounded.
You hit the ogre. You hit the orc but do no damage.
You block the hound's attack. The orc hits you with a +0 club.
The ogre hits you with a +0 giant club!!
* * * LOW HITPOINT WARNING * * *
Unknown command.
Your skin crawls.
You feel strong-willed. You block the hound's attack.
The hound bites you but does no damage.
The ogre hits you with a +0 giant club!!
You die...

...[.....
..##...............##
#...................#
...................#
.####..................#
.......................#
...^..#o...............#
......hoO..............#
#@o.............##
##............<##
#.##.....######
#.######.# #.#####..#
#.......## #########


You could see an ogre, a hound and 3 orcs.

Vanquished Creatures
  Grinder (D:5)
  An ice beast (D:5)
  3 ogres
  A phantom (D:5)
  2 necrophages (D:4)
  A scorpion (D:5)
  A howler monkey (D:5)
  5 hounds
  2 jellies
  2 orc priests (D:3)
  Crazy Yiuf (D:2)
  4 iguanas
  An orc wizard (D:3)
  4 gnolls (D:5)
  3 adders
  A white imp (D:5)
  3 dart slugs
  8 orcs
  2 bats (D:2)
  7 endoplasms
  2 giant cockroaches
  9 goblins
  9 hobgoblins
  6 jackals
  14 kobolds
  2 quokkas
  5 ball pythons
  7 rats
107 creatures vanquished.

Notes
Turn   | Place    | Note
-------+----------+-------------------------------------------
     0 | D:1      | sammy202020 the Palentonga Berserker began the quest for
                  | the Orb.
     0 | D:1      | Reached XP level 1. HP: 19/19 MP: 1/1
   111 | D:1      | Reached XP level 2. HP: 19/25 MP: 2/2
   679 | D:2      | Found a faded altar of an unknown god.
   693 | D:2      | Reached XP level 3. HP: 30/31 MP: 3/3
   835 | D:2      | Reached ** piety under Trog
  1031 | D:2      | Found a runed translucent door.
  1032 | D:2      | Noticed Crazy Yiuf
  1036 | D:2      | Killed Crazy Yiuf
  1037 | D:2      | Reached XP level 4. HP: 39/39 MP: 4/4
  1290 | D:3      | Reached XP level 5. HP: 34/44 MP: 5/5
  1904 | D:3      | Found a faded altar of an unknown god.
  1904 | D:3      | Found a sacrificial altar of Ru.
  1912 | D:3      | Found a bloodstained altar of Trog.
  1914 | D:3      | Found a snail-covered altar of Cheibriados.
  1915 | D:3      | Found a basalt altar of Yredelemnul.
  2094 | D:4      | Reached skill level 1 in Shields
  2521 | D:4      | Reached XP level 6. HP: 51/52 MP: 6/6
  2543 | D:4      | Found an ornate altar of the Wu Jian Council.
  2653 | D:4      | Reached skill level 5 in Fighting
  2653 | D:4      | Reached skill level 5 in Axes
  2799 | D:4      | Gained mutation: You curl defensively after being hit. (AC
                  | +7*) [Palentonga growth]
  2799 | D:4      | Reached XP level 7. HP: 58/59 MP: 7/7
  3407 | D:5      | Entered Level 5 of the Dungeon
  3407 | D:5      | Found Benly's Armour Shop.
  3459 | D:5      | Found Poajyimi's General Store.
  3526 | D:5      | Found a blossoming altar of Fedhas.
  3590 | D:5      | Found Dityrak's Armour Shoppe.
  3663 | D:5      | Bought a +0 helmet for 45 gold pieces
  4018 | D:5      | Reached XP level 8. HP: 68/68 MP: 8/8
  4059 | D:5      | Found Wuzig's Magic Scroll Boutique.
  4062 | D:5      | Bought a scroll of enchant armour for 105 gold pieces
  4086 | D:5      | Noticed Grinder
  4097 | D:5      | Killed Grinder
  4394 | D:5      | Found Fownya Xisiq's Armour Boutique.
  4400 | D:5      | Bought a +0 pair of gloves for 49 gold pieces
  4887 | D:6      | Mangled by an ogre

Illustrated notes

Levels and vault maps discovered:
D:1:      ebering_trefoil_twist, layout_rooms, dreamdust_wishing_well
D:2:      layout_basic, hellmonk_ecumenical_altar_inner_sanctum,
          uniq_crazy_yiuf_cottage
D:3:      layout_loops_ring, chequers_temple_overflow_minitemple,
          amcnicky_mini_corridor_feature
D:4:      layout_basic, pdpol_wu_jian_five_deadly_venoms
D:5:      layout_basic, lemuel_tele_altar, serial_shops, shop,
          nicolae_stop_n_shop_1, kennysheep_mini_moat, nicolae_shop_trees,
          nicolae_stop_n_shop_2, minmay_misc_feat_rows, uniq_grinder
D:6:      layout_rooms, old_standard_altar, nicolae_stop_n_shop_1

Skill      XL: |  1  2  3  4  5  6  7  8 |
---------------+-------------------------+-----
Armour         | 2 3 4 |  4.1
Fighting       | 4 5 6 |  6.5
Axes           | 4 5 6 |  6.5
Shields        | 1 2 3 |  3.4
Dodging        | |  1.5

Action                   |  1- 3 |  4- 6 |  7- 9 || total
-------------------------+-------+-------+-------++-------
Melee: Hand axe          |    65 |   116 |   111 ||   292
       Tailslap          |     9 |    16 |    23 ||    48
Invok: Berserk           |       |     2 |     1 ||     3
       Trog's Hand       |       |       |     2 ||     2
 Abil: Rolling Charge    |    11 |     3 |       ||    14
  Use: Scroll            |       |    11 |     2 ||    13
 Stab: Sleeping          |       |     2 |     1 ||     3
Armor: Ring mail         |    27 |    40 |    10 ||    77
       Animal skin       |     1 |       |       ||     1
       Gold dragon scale |       |       |    54 ||    54
Dodge: Dodged            |    22 |    31 |    11 ||    64
Block: Tower shield      |       |    48 |    71 ||   119
       Kite shield       |       |     4 |       ||     4

Table legend: (Time is in decaauts)
 A = Elapsed time spent in this place.
 B = Non-inter-level travel time spent in this place.
 C = Inter-level travel time spent in this place.
 D = Time resting spent in this place.
 E = Time spent auto-exploring this place.
 F = Levels seen in this place.
 G = Mean time per level.
                   A        B        C        D        E       F      G
               +--------+--------+--------+--------+--------+-----+--------+
         Total |   5008 |   4969 |     39 |      1 |   4103 |   6 |  834.7 |
       Dungeon |   5008 |   4969 |     39 |      1 |   4103 |   6 |  834.7 |
               +--------+--------+--------+--------+--------+-----+--------+

Top non-repeatable levels by time:
     D:5: 1480 daAuts
     D:4: 1369 daAuts
     D:3: 876 daAuts
     D:1: 676 daAuts
     D:2: 560 daAuts
     D:6: 45 daAuts
